 Dungeon Crawl Stone Soup version 0.23.2-1-ga50397a6bc (webtiles) character file.

Game seed: 11628776624623658684

340 Mrkan the Cleaver (level 6, 0/51 HPs)
             Began as a Hill Orc Monk on May 14, 2019.
             Was a Believer of Beogh.
             Slain by a bullfrog skeleton (1 damage)
             ... on level 4 of the Dungeon.
             The game lasted 00:10:12 (3694 turns).

Mrkan the Cleaver (Hill Orc Monk)                   Turns: 3694, Time: 00:10:12

Health: 0/51       AC: 12    Str: 16    XL:     6   Next: 56%
Magic:  6/6        EV:  7    Int: 10    God:    Beogh [**....]
Gold:   128        SH:  0    Dex: 13    Spells: 5/5 levels left

rFire    + . .     SeeInvis .   a - +0 hand axe
rCold    x . .     Gourm    .   (no shield)
rNeg     . . .     Faith    .   e - +0 chain mail
rPois    .         Spirit   .   p - +2 helmet
rElec    .         Reflect  .   r - scarf {cloud immunity}
rCorr    .         Harm     .   (no gloves)
MR       .....                  (no boots)
Stlth    ..........             (no amulet)
HPRegen  0.17/turn              l - ring of fire
MPRegen  0.10/turn              (no ring)

@: no status effects
A: no striking features
a: Smiting, Renounce Religion


You were on level 4 of the Dungeon.
You worshipped Beogh.
Beogh was pleased with you.
You were not hungry.

You visited 1 branch of the dungeon, and saw 4 of its levels.

You collected 128 gold pieces.

Inventory:

Hand Weapons
 a - a +0 hand axe (weapon)
 t - a +0 blowgun
Missiles
 s - 17 poisoned needles
Armour
 b - a +0 robe
 e - a +0 chain mail (worn)
 i - a +1 ring mail of magic resistance
 p - a +2 helmet (worn)
 r - a scarf of cloud immunity (worn)
Jewellery
 l - a ring of fire (left hand)
Scrolls
 h - a scroll of teleportation
 j - 2 scrolls of fog
 k - a scroll of remove curse {unknown}
 q - a scroll of identify
Potions
 d - 5 potions of curing {unknown}
 f - a potion of agility {unknown}
 g - 2 potions of lignification {unknown}
 m - 4 potions of cancellation {unknown}
 n - a potion of brilliance {unknown}
 o - 2 potions of flight {unknown}
Comestibles
 c - 4 rations


   Skills:
 - Level 3.6 Fighting
 * Level 8.0 Axes
 * Level 3.9 Armour
 - Level 2.4 Dodging
 - Level 1.5 Stealth


You had 5 spell levels left.
You didn't know any spells.
Your spell library was empty.

Dungeon Overview and Level Annotations

Branches:
Dungeon (4/15)
 Temple: D:4-7

Altars:
Gozag
Ru
Sif Muna
The Shining One


Message History

The bullfrog skeleton is heavily damaged.
The bullfrog skeleton hits you but does no damage.
The orc priest invokes the aid of Beogh against you.
Beogh smites you! The bullfrog skeleton hits you.
* * * LOW HITPOINT WARNING * * *
The bullfrog skeleton hits you but does no damage.
The bullfrog skeleton hits you.
* * * LOW HITPOINT WARNING * * *
Found 22 arrows.
You hear the slow hiss of a distant avalanche of sand.
The orc hits you but does no damage.
The orc priest miscasts a cantrip.
You hit the bullfrog skeleton.
The bullfrog skeleton is severely damaged.
The bullfrog skeleton hits you but does no damage.
The orc priest invokes the aid of Beogh against you.
Beogh smites you!
* * * LOW HITPOINT WARNING * * *
The bullfrog skeleton hits you.
You die...

#### ...# #+###..+ .
#..##..# ..
#######......#......
...##....##......#......
....(....##..##..#......
.........#.o.##..#......
#..@Zo.......#......
#+###..#.....#?.....
#.....###...........
#....##_##..⌠.......
#.....##'...........
#......#............
+....#)†..≈≈P.......
######....P.........
.................


You could see an orc priest, an orc and a bullfrog skeleton.

Vanquished Creatures
  An orc priest (D:4)
  5 orc wizards
  A worker ant (D:2)
  Robin (D:2)
  4 adders
  2 oozes
  4 worms
  A dart slug (D:3)
  7 orcs
  2 bats
  2 giant cockroaches (D:2)
  17 goblins
  5 hobgoblins
  7 jackals
  A quokka (D:2)
  2 frilled lizards
  7 kobolds
  8 rats
77 creatures vanquished.

Vanquished Creatures (others)
  A goblin (D:3)
1 creature vanquished.

Grand Total: 78 creatures vanquished

Notes
Turn   | Place    | Note
-------+----------+-------------------------------------------
     0 | D:1      | Mrkan the Hill Orc Monk began the quest for the Orb.
     0 | D:1      | Reached XP level 1. HP: 19/19 MP: 1/1
   149 | D:1      | Reached XP level 2. HP: 21/26 MP: 2/2
   859 | D:2      | Reached skill level 5 in Axes
   859 | D:2      | Reached skill level 1 in Armour
   866 | D:2      | Reached XP level 3. HP: 17/31 MP: 3/3
  1073 | D:2      | Noticed Robin
  1150 | D:2      | Killed Robin
  1150 | D:2      | Reached XP level 4. HP: 11/39 MP: 4/4
  1228 | D:2      | Reached skill level 6 in Axes
  1608 | D:2      | Found a deep blue altar of Sif Muna.
  1736 | D:2      | Found a sacrificial altar of Ru.
  1743 | D:2      | Reached XP level 5. HP: 44/45 MP: 5/5
  2069 | D:2      | Found an opulent altar of Gozag.
  2647 | D:3      | Reached skill level 7 in Axes
  2666 | D:3      | Reached XP level 6. HP: 31/51 MP: 6/6
  3067 | D:3      | Became a worshipper of Beogh the Brigand
  3067 | D:3      | Reached * piety under Beogh
  3067 | D:3      | Reached ** piety under Beogh
  3651 | D:4      | Found a glowing golden altar of the Shining One.
  3666 | D:4      | Reached skill level 8 in Axes
  3694 | D:4      | HP: 1/51 [orc priest/divine providence (11)]
  3694 | D:4      | Slain by a bullfrog skeleton

Skill      XL: |  1  2  3  4  5  6 |
---------------+-------------------+-----
Axes           | 5 6 7 8 |  8.0
Armour         | 1 2 3 |  3.9
Fighting       | |  3.6
Dodging        | |  2.4
Stealth        | |  1.5

Action                   |  1- 3 |  4- 6 || total
-------------------------+-------+-------++-------
Melee: Hand axe          |    90 |   272 ||   362
Invok: Smiting           |       |     1 ||     1
       Convert to Beogh  |       |     1 ||     1
  Use: Scroll            |       |     5 ||     5
 Stab: Paralysed         |       |     3 ||     3
  Eat: Chunk             |       |     7 ||     7
       Ration            |       |     1 ||     1
Armor: Chain mail        |    42 |   169 ||   211
Dodge: Dodged            |    31 |    70 ||   101
